 Dungeon Crawl Stone Soup version 0.19.0-19-g8c6edcc (webtiles) character file.

26758 leglesslizard the Basher (level 13, -2/120 HPs)
             Began as a Deep Dwarf Berserker on Nov 15, 2016.
             Was an Elder of Trog.
             Slain by a salamander
             ... wielding a +0 halberd
              (6 damage)
             ... on level 1 of the Depths on Nov 16, 2016.
             The game lasted 01:19:11 (12107 turns).

leglesslizard the Basher (Deep Dwarf Berserker)    Turns: 12107, Time: 01:19:12

Health: -2/120     AC: 22    Str: 26    XL:     13   Next: 0%
Magic:  10/10      EV: 15    Int:  8    God:    Trog [****..]
Gold:   600        SH:  0    Dex: 12    Spells: 0 memorised, 12 levels left

rFire  . . .     SeeInvis .     Y - +3 mace (drain)
rCold  . . .     Gourm    .     u - +3 ring mail {MR+}
rNeg   . . .     Faith    +     (no shield)
rPois  .         Spirit   .     s - +2 helmet
rElec  .         Reflect  .     F - +0 cloak
rCorr  .         Harm     .     p - +0 pair of gloves
MR     ++...                    Z - +0 pair of boots
Stlth  ++........               N - amulet of faith
                                w - +3 ring of protection
                                H - ring of stealth

@: fainting, non-regenerating
A: damage resistance, recharge devices, rugged brown scales 1, blurry vision 2,
sense surroundings 2, slow regeneration 3
a: Device Recharging, Berserk, Trog's Hand, Brothers in Arms, Burn Spellbooks,
Renounce Religion


You were on level 1 of the Depths.
You worshipped Trog.
Trog was greatly pleased with you.
You were fainting.

You visited 2 branches of the dungeon, and saw 16 of its levels.

You collected 780 gold pieces.
You spent 180 gold pieces at shops.

Inventory:

Hand Weapons
 Y - a +3 mace of draining (weapon)
Missiles
 e - 3 tomahawks
 f - 4 poisoned javelins
 Q - a javelin (quivered)
 U - 2 javelins of penetration
Armour
 m - +0 mottled dragon scales
 p - a +0 pair of gloves (worn)
 s - a +2 helmet (worn)
 u - a +3 ring mail of magic resistance (worn)
 F - a +0 cloak (worn)
 Z - a +0 pair of boots (worn)
Jewellery
 w - a +3 ring of protection (right hand)
 H - a ring of stealth (left hand)
 N - an amulet of faith (around neck)
Wands
 b - a wand of paralysis (8/24)
 c - a wand of heal wounds (0/9)
 d - a wand of iceblast (0/15)
 h - a wand of polymorph (13/24)
 j - a wand of random effects (28/48)
 y - a wand of flame (19/48)
 L - a wand of polymorph (4/24)
 T - a wand of confusion (17/48)
 V - a wand of flame (29/48)
Scrolls
 g - 5 scrolls of identify
 l - 3 scrolls of magic mapping {unknown}
 n - 9 scrolls of teleportation {unknown}
 o - 6 scrolls of blinking {unknown}
 q - 10 scrolls of remove curse {unknown}
 x - 4 scrolls of random uselessness {unknown}
 A - 2 scrolls of fog {unknown}
 B - 2 scrolls of recharging
 C - 2 scrolls of enchant armour {unknown}
 J - a scroll of brand weapon {unknown}
 K - a scroll of immolation {unknown}
 R - a scroll of fear {unknown}
 S - a scroll of amnesia {unknown}
Potions
 a - a potion of might
 i - a potion of brilliance
 k - a potion of agility
 t - 4 potions of haste
 z - a potion of cure mutation
 I - 2 potions of flight


   Skills:
 + Level 8.0 Fighting
   Level 3.4(4.2) Short Blades
   Level 3.9(4.7) Long Blades
   Level 4.6(9.5) Axes
 + Level 11.7(12.0) Maces & Flails
   Level 1.6(6.1) Slings
 + Level 7.8(7.9) Throwing
 + Level 10.7 Armour
 + Level 7.5 Dodging
 + Level 2.9 Stealth
 + Level 6.7 Evocations


You had 12 spell levels left.
You didn't know any spells.

Dungeon Overview and Level Annotations

Branches:
Dungeon (15/15)            Temple (0/1) D:7            Lair (0/6) D:10
    Orc (0/2) D:12         Depths (1/5) D:15
 Vaults: D:13-14

Altars:
Hepliaklqana
Nemelex Xobeh
Trog

Shops:
D:9 }


Innate Abilities, Weirdness & Mutations

You are resistant to damage.
You can recharge devices by infusing magical energy.
You passively map the area around you.
You do not regenerate.
You are partially covered in rugged brown scales. (AC +1, +3% HP)
Scrolls take you longer to read.


Message History

The salamander hits you with a halberd.
You are engulfed in flames!
* * * LOW HITPOINT WARNING * * *
The salamander mystic closely misses you.
You hit the salamander.
The salamander is moderately wounded.
The salamander hits you but does no damage.
The salamander mystic hits you but does no damage.
You closely miss the salamander.
The salamander is moderately wounded.
The salamander hits you with a halberd!
* * * LOW HITPOINT WARNING * * *
You are engulfed in flames!
* * * LOW HITPOINT WARNING * * *
The salamander mystic closely misses you.
You hit the salamander but do no damage.
The salamander is moderately wounded.
The salamander hits you with a halberd.
* * * LOW HITPOINT WARNING * * *
You are engulfed in flames!
You die...

,, #........#.#
#.§§≈≈≈ ** * *
#........#.# #.§§...
,
#..).....#.#,##≈≈≈≈≈
#........#.#, ......
,, , ,
###'######.######≈≈#
,,
+...................
* ,, . ,
###.######.########≈
, ...§#≈§.#, ,....
..... ...§≈≈N@#
###.## ##≈≈§
......NN≈.#
...,,,..§≈≈ ≈
§#§§§§≈.≈.# #.#
,.#.#≈≈ ≈ #§≈§§§...#
*#.#,. #.##≈ ≈
##≈§§≈≈..# #.# # ..
, ≈ *##≈≈≈≈..# ,, ##
* ≈ ≈ ##≈≈##.#, *, .
, ≈,≈ * ###* .. ,,
,, . ≈≈ ≈ *, *, , ,


You could see a salamander mystic and 2 salamanders.

Vanquished Creatures
  A yaktaur captain (D:15)
  A great orb of eyes (Depths:1)
  Harold (D:10)
  2 hydras
  A centaur warrior (D:15)
  Erica (D:8)
  2 slime creatures (D:12)
  5 unseen horrors
  7 hill giants
  2 ugly things (D:11)
  A manticore (D:12)
  2 cyclopes
  A gargoyle (D:10)
  A yaktaur (D:15)
  6 trolls
  Grinder (D:6)
  A spriggan (D:7)
  A centaur simulacrum (D:10)
  A vampire (D:11)
  A wraith (D:13)
  A fire elemental (Depths:1)
  A wyvern (D:8)
  A shadow (D:12)
  15 yaks
  Grum (D:9)
  A basilisk (D:13)
  2 hungry ghosts
  A mottled dragon (D:13)
  2 vampire mosquitoes (D:13)
  A water moccasin (D:10)
  9 orc warriors
  A hornet zombie (D:12)
  A meliai simulacrum (D:10)
  5 ice beasts (D:10)
  A necrophage (D:8)
  5 black bears
  5 ogres
  A phantom (D:7)
  2 wolves (D:9)
  7 centaurs
  2 crocodiles (D:11)
  The ghost of WhatIsLove the Nimble, an amateur SpGl (D:4)
  8 bullfrogs
  A wyvern skeleton (D:13)
  A scorpion (D:12)
  A water moccasin skeleton (D:5)
  4 killer bees (D:10)
  A wight (D:10)
  5 electric eels
  4 howler monkeys
  3 crimson imps
  A quasit (D:10)
  3 centaur zombies
  A bullfrog zombie (D:5)
  4 jellies
  2 hounds
  2 bullfrog skeletons
  8 orc priests
  13 orc wizards
  Jessica (D:3)
  5 iguanas
  11 worker ants
  A hound skeleton (D:11)
  A hound zombie (D:10)
  A howler monkey zombie (D:11)
  A worker ant zombie (D:6)
  3 gnolls (D:10)
  13 adders
  A hound simulacrum (D:10)
  3 shadow imps
  An ooze (D:1)
  2 worms (D:2)
  6 dart slugs
  5 leopard geckos
  44 orcs
  A ball python (D:3)
  10 bats
  A giant cockroach (D:1)
  5 hobgoblins
  10 jackals
  4 quokkas
  3 frilled lizards
  7 goblins
  4 kobolds
  A leopard gecko skeleton (D:8)
  6 rats
318 creatures vanquished.

Vanquished Creatures (others)
  A shadow imp (D:8)
  An orc (D:7)
2 creatures vanquished.

Grand Total: 320 creatures vanquished

Notes
Turn   | Place    | Note
-------+----------+-------------------------------------------
     0 | D:1      | leglesslizard the Deep Dwarf Berserker began the quest for the Orb.
     0 | D:1      | Reached XP level 1. HP: 20/20 MP: 1/1
    76 | D:1      | Reached XP level 2. HP: 20/27 MP: 2/2
   773 | D:1      | Reached XP level 3. HP: 17/33 MP: 3/3
   788 | D:1      | Reached skill level 1 in Stealth
  1153 | D:2      | Reached ** piety under Trog
  1793 | D:3      | Reached XP level 4. HP: 36/42 MP: 4/4
  1806 | D:3      | Reached skill level 1 in Slings
  1832 | D:3      | Found a faded altar of an unknown god.
  2132 | D:3      | Noticed Jessica
  2136 | D:3      | Killed Jessica
  2136 | D:3      | Reached skill level 1 in Maces & Flails
  2136 | D:3      | Reached skill level 1 in Evocations
  2136 | D:3      | Reached XP level 5. HP: 48/49 MP: 5/5
  2208 | D:4      | Noticed WhatIsLove's ghost (amateur SpGl)
  2242 | D:4      | Killed WhatIsLove's ghost
  2423 | D:4      | Noticed an ogre
  2429 | D:4      | Killed an ogre
  2429 | D:4      | Reached skill level 2 in Maces & Flails
  2429 | D:4      | Reached XP level 6. HP: 41/56 MP: 7/7
  2565 | D:4      | Reached skill level 1 in Throwing
  2897 | D:5      | Entered Level 5 of the Dungeon
  2933 | D:5      | Got a pitted leather armour
  3237 | D:5      | Got a fine hand axe
  3378 | D:5      | Reached XP level 7. HP: 56/62 MP: 8/8
  3506 | D:5      | Reached skill level 3 in Maces & Flails
  4202 | D:6      | Reached *** piety under Trog
  4301 | D:6      | Noticed Grinder
  4320 | D:6      | Killed Grinder
  4320 | D:6      | Reached skill level 4 in Maces & Flails
  4371 | D:6      | Reached XP level 8. HP: 72/72 MP: 9/9
  4420 | D:6      | Reached skill level 5 in Armour
  4432 | D:6      | Reached skill level 5 in Maces & Flails
  4444 | D:6      | Received a gift from Trog
  4837 | D:6      | Reached skill level 6 in Maces & Flails
  4876 | D:7      | Found a staircase to the Ecumenical Temple.
  4879 | D:7      | Got an encrusted short sword
  4880 | D:7      | Identified the +3 short sword "Ytucleupp" {pierce, *Noise rN+++} (You found it on level 7 of the Dungeon)
  5061 | D:7      | Gained mutation: You passively map the area around you. [Deep Dwarf growth]
  5061 | D:7      | Reached XP level 9. HP: 49/79 MP: 9/9
  5378 | D:7      | Reached skill level 1 in Short Blades
  5405 | D:8      | Noticed Erica
  5446 | D:8      | Killed Erica
  5598 | D:8      | Reached skill level 5 in Fighting
  5670 | D:8      | Reached skill level 1 in Long Blades
  6053 | D:8      | Found a sparkling altar of Nemelex Xobeh.
  6100 | D:8      | You fall through a shaft!
  6273 | D:9      | Noticed Grum
  6287 | D:9      | Killed Grum
  6290 | D:9      | Received a gift from Trog
  6436 | D:9      | Reached XP level 10. HP: 80/88 MP: 10/10
  6502 | D:9      | Reached skill level 5 in Throwing
  6509 | D:9      | Found Iklymeq's Gadget Shoppe.
  6528 | D:9      | Bought a wand of disintegration (11/24) for 180 gold pieces
  7145 | D:10     | Entered Level 10 of the Dungeon
  7193 | D:10     | Reached skill level 7 in Maces & Flails
  7194 | D:10     | Noticed a hill giant
  7213 | D:10     | Killed a hill giant
  7291 | D:10     | Killed an unseen horror
  7483 | D:10     | Noticed a hill giant
  7493 | D:10     | Killed a hill giant
  7493 | D:10     | Reached skill level 8 in Maces & Flails
  7847 | D:10     | Noticed Harold
  7869 | D:10     | Killed Harold
  7955 | D:10     | Noticed a hill giant
  7960 | D:10     | Killed a hill giant
  7960 | D:10     | Reached XP level 11. HP: 97/97 MP: 7/9
  8110 | D:10     | Found a staircase to the Lair.
  8166 | D:10     | Noticed a hill giant
  8188 | D:10     | Killed a hill giant
  8430 | D:10     | Reached skill level 9 in Maces & Flails
  8845 | D:11     | Noticed a hill giant
  8853 | D:11     | Killed a hill giant
  8853 | D:11     | Reached skill level 5 in Evocations
  8882 | D:11     | Reached skill level 5 in Dodging
  8909 | D:11     | Noticed a seven-headed hydra
  8921 | D:11     | Killed a seven-headed hydra
  9100 | D:11     | Found a labyrinth entrance.
  9235 | D:11     | Noticed a green ugly thing
  9242 | D:11     | Killed a green ugly thing
  9245 | D:11     | Noticed a purple ugly thing
  9264 | D:11     | Killed a purple ugly thing
  9491 | D:11     | Noticed a hill giant
  9498 | D:11     | Killed a hill giant
  9498 | D:11     | Reached skill level 10 in Armour
  9927 | D:12     | Killed an unseen horror
  9927 | D:12     | Reached skill level 10 in Maces & Flails
  9970 | D:12     | Reached XP level 12. HP: 91/106 MP: 8/8
 10371 | D:12     | Found a staircase to the Orcish Mines.
 10389 | D:12     | Noticed a five-headed hydra
 10422 | D:12     | Killed a five-headed hydra
 10466 | D:12     | Reached **** piety under Trog
 10735 | D:12     | Found a hazy altar of Hepliaklqana.
 11042 | D:13     | Gained mutation: You are partially covered in rugged brown scales. (AC +1, +3% HP) [potion of mutation]
 11042 | D:13     | Gained mutation: Scrolls take you a little longer to read. [potion of mutation]
 11042 | D:13     | Gained mutation: Scrolls take you longer to read. [potion of mutation]
 11151 | D:13     | Reached skill level 11 in Maces & Flails
 11507 | D:13     | Found a bloodstained altar of Trog.
 11824 | D:15     | Entered Level 15 of the Dungeon
 11946 | D:15     | Found a staircase to the Depths.
 11946 | D:15     | Noticed a yaktaur captain
 11949 | D:15     | Noticed a centaur warrior
 11966 | D:15     | Killed a yaktaur captain
 11988 | D:15     | Killed a centaur warrior
 11994 | Depths:1 | Entered Level 1 of the Depths
 11999 | Depths:1 | Noticed a great orb of eyes
 12037 | Depths:1 | Killed a great orb of eyes
 12037 | Depths:1 | Reached XP level 13. HP: 21/120 MP: 10/10
 12043 | Depths:1 | Paralysed by fainting for 6 turns
 12085 | Depths:1 | Paralysed by fainting for 6 turns
 12106 | Depths:1 | HP: 5/120 [salamander/halberd (6)]
 12107 | Depths:1 | Slain by a salamander

Skill      XL: |  1  2  3  4  5  6  7  8  9 10 11 12 |
---------------+-------------------------------------+-----
Stealth        | 1 2 |  2.9
Axes           | 4 |  4.6
Fighting       | 3 4 5 6 8 |  8.0
Slings         | 1 |  1.6
Dodging        | 3 4 6 7 |  7.5
Maces & Flails | 1 2 4 6 8 10 11 | 11.7
Evocations     | 1 2 4 6 |  6.7
Armour         | 3 4 6 7 9 10 | 10.7
Throwing       | 1 2 3 4 5 6 7 |  7.8
Short Blades   | 3 |  3.4
Long Blades    | 3 |  3.9

Action                   |  1- 3 |  4- 6 |  7- 9 | 10-12 | 13-15 || total
-------------------------+-------+-------+-------+-------+-------++-------
Melee: Hand axe          |   108 |       |       |       |       ||   108
       Mace              |     7 |   121 |   137 |   802 |     7 ||  1074
       Short sword       |       |       |   112 |       |       ||   112
       Scimitar          |       |       |    63 |    10 |       ||    73
 Fire: Hunting sling     |    34 |       |       |       |       ||    34
Throw: Stone             |    12 |     1 |    39 |    21 |       ||    73
       Javelin           |       |    23 |    72 |    94 |       ||   189
       Tomahawk          |       |       |       |    50 |       ||    50
Invok: Trog's Hand       |       |     3 |     8 |    23 |       ||    34
       Berserk           |       |     1 |     5 |     8 |       ||    14
       Burn Spellbooks   |       |       |       |     1 |       ||     1
 Abil: Device Recharging |       |       |     2 |     6 |       ||     8
Evoke: Wand              |     2 |    10 |    13 |    62 |     1 ||    88
  Use: Scroll            |       |     1 |       |     6 |       ||     7
       Potion            |       |       |       |    20 |       ||    20
 Stab: Sleeping          |     1 |       |       |     2 |       ||     3
  Eat: Bread ration      |     1 |       |     4 |     5 |       ||    10
       Meat ration       |     1 |       |     1 |     1 |       ||     3
       Pizza             |       |     1 |       |       |       ||     1
       Beef jerky        |       |       |     1 |       |       ||     1
       Fruit             |       |       |     1 |       |       ||     1
       Royal jelly       |       |       |       |     2 |       ||     2
Armor: Animal skin       |    23 |       |       |       |       ||    23
       Robe              |    13 |       |       |       |       ||    13
       Ring mail         |     9 |    59 |       |   398 |     4 ||   470
       Chain mail        |       |    19 |   105 |       |       ||   124
       Plate armour      |       |       |   207 |   253 |       ||   460
Dodge: Dodged            |   117 |    96 |   182 |   542 |     4 ||   941
       Rpst.: Scimitar   |       |       |    14 |     2 |       ||    16
